 Dungeon Sprint DCSS version 0.26-a0-663-g36e8fdb655 (webtiles) character file.

Game seed: 8023781757856622013

2447 sahdkjhfkaj the Destroyer (level 9, -12/59 HPs)
             Began as a Tengu Conjurer on Oct 10, 2020.
             Was an Elder of Cheibriados.
             Mangled by a two-headed ogre
             ... wielding a +0 giant spiked club
              (31 damage)
             ... in the Dungeon (Sprint III: "The Ten Rune Challenge").
             The game lasted 00:05:17 (1457 turns).

sahdkjhfkaj the Destroyer (Tengu Conjurer)          Turns: 1457, Time: 00:05:18

Health: -12/59     AC:  2    Str: 17    XL:     9   Next: 49%
Magic:  10/23      EV: 22    Int: 33    God:    Cheibriados [****..]
Gold:   32         SH:  0    Dex: 22    Spells: 21/26 levels left

rFire    . . .     SeeInvis .   o - +2 dagger (pain)
rCold    . . .     Faith    .   (no shield)
rNeg     . . .     Spirit   .   a - +0 robe
rPois    .         Reflect  .   (helmet restricted)
rElec    .         Harm     .   (no cloak)
rCorr    .         Rampage  .   (no gloves)
MR       .....     NoTele   +   (boots unavailable)
Stlth    ++........             (no amulet)
HPRegen  0.19/turn              (no ring)
MPRegen  0.18/turn              (no ring)

@: very slow
A: beak, talons 3, able to fly
a: Fly, Bend Time, Temporal Distortion, Slouch, Renounce Religion


You were in the Dungeon.
You worshipped Cheibriados.
Cheibriados was greatly pleased with you.
You visited 1 branch You collected 32 gold pieces.

Inventory:

Hand Weapons
 o - a +2 dagger of pain (weapon)
Armour
 a - a +0 robe (worn)
Scrolls
 b - 2 scrolls of immolation {unknown}
 h - a scroll of blinking
 i - a scroll of identify {unknown}
 j - 3 scrolls of remove curse
 l - a scroll of enchant weapon {unknown}
Potions
 c - 2 potions of curing
 d - a potion of heal wounds
 e - a potion of haste
 f - 2 potions of magic
 g - a potion of berserk rage
 k - a potion of degeneration {unknown}
 m - 2 potions of flight
 n - 6 potions of mutation


   Skills:
 + Level 8.1 Fighting
 + Level 10.2 Armour
 + Level 10.2 Dodging
 - Level 2.0 Stealth
 + Level 9.2 Spellcasting
 - Level 10.2 Conjurations
 + Level 5.1 Translocations
 + Level 5.9 Invocations


You had 21 spell levels left.
You knew the following spells:

 Your Spells              Type           Power        Failure   Level
a - Magic Dart            Conj           ####         1%          1
b - Searing Ray           Conj           ######       1%          2
B - Blink                 Tloc           N/A          1%          2

Your spell library contained the following spells:

 Spells                   Type           Power        Failure   Level
 Conjure Flame            Conj/Fire      #####...     1%          3
 Dazzling Flash           Conj/Hex       #####.       1%          3
 Iskenderun's Mystic Bla  Conj/Tloc      ######..     1%          4
 Mephitic Cloud           Conj/Pois/Air  #####...     2%          3
 Fulminant Prism          Conj/Hex       #####.....   3%          4
 Call Imp                 Summ           ###.....     4%          2
 Slow                     Hex            ###.....     4%          2


Dungeon Overview and Level Annotations

Branches:
Dungeon (1/1)

Altars:
Cheibriados
Dithmenos
Elyvilon
Fedhas
Gozag
Hepliaklqana
Kikubaaqudgha
Makhleb
Nemelex Xobeh
Okawaru
Qazlal
Ru
Sif Muna
Trog
Uskayaw
Vehumet
Wu Jian
Xom
Yredelemnul
Zin
The Shining One
Beogh
Jiyva
Lugonu


Innate Abilities, Weirdness & Mutations

You have a beak for a mouth.
You have claws for feet.
You can fly continuously.


Message History

Aim: a two-headed ogre, wielding a +0 giant spiked club and a +0 giant club (asleep)
The searing ray hits the two-headed ogre!
The two-headed ogre is lightly wounded.
The two-headed ogre shouts in stereo! (Press . to maintain the ray.)
The searing ray hits the two-headed ogre!
The two-headed ogre is moderately wounded.
The two-headed ogre closely misses you.
The two-headed ogre hits you with a +0 giant club!
The searing ray hits the two-headed ogre!
The two-headed ogre is heavily wounded.
The two-headed ogre hits you with a +0 giant spiked club!!
* * * LOW HITPOINT WARNING * * *
The two-headed ogre completely misses you.
The searing ray hits the two-headed ogre!
The two-headed ogre is severely wounded.
You finish channeling your searing ray.
The two-headed ogre hits you with a +0 giant spiked club!!
Ouch! That really hurt!
You die...

__# ._# [## ..#
..# #'#
..#+##############
..#....#.#.#.....#
..##.#..#.##.###@#
..'##.#.#.##)#.O##
..#.))#..#..##..
▓▓▓▓▓▓▓▓▓▓▓▓▓▓▓▓


You could see a two-headed ogre.

Vanquished Creatures
  Erolcha (D)
  A deep elf mage (D)
  A shadow (D)
  A spatial vortex (D)
  A necrophage (D)
  4 two-headed ogres (D)
  A water elemental (D)
  A jelly (D)
  A wizard (D)
  Jessica (D)
  A necromancer (D)
  3 humans (D)
  A kobold demonologist (D)
  A wolf (D)
  2 oozes (D)
  A rat (D)
22 creatures vanquished.

Notes
Turn   | Place    | Note
-------+----------+-------------------------------------------
     0 | D        | sahdkjhfkaj the Tengu Conjurer began the quest for the Orb.
     0 | D        | Reached XP level 1. HP: 10/10 MP: 4/4
    33 | D        | Reached XP level 2. HP: 14/15 MP: 2/6
    75 | D        | Learned a level 2 spell: Searing Ray
    84 | D        | Noticed Jessica
    87 | D        | Killed Jessica
    87 | D        | Reached skill level 5 in Spellcasting
    87 | D        | Reached XP level 3. HP: 19/19 MP: 3/10
   177 | D        | Reached skill level 1 in Armour
   248 | D        | Reached XP level 4. HP: 24/24 MP: 9/12
   304 | D        | Noticed a water elemental
   308 | D        | Killed a water elemental
   308 | D        | Gained mutation: You can fly continuously. [Tengu growth]
   308 | D        | Reached XP level 5. HP: 15/28 MP: 8/13
   459 | D        | Reached skill level 1 in Fighting
   459 | D        | Reached skill level 5 in Armour
   481 | D        | Noticed a shadow
   490 | D        | Killed a shadow
   490 | D        | Reached skill level 10 in Conjurations
   490 | D        | Reached XP level 6. HP: 31/38 MP: 6/16
   561 | D        | Found a blossoming altar of Fedhas.
   561 | D        | Found a stormy altar of Qazlal.
   561 | D        | Found a snail-covered altar of Cheibriados.
   561 | D        | Found a burning altar of Makhleb.
   561 | D        | Found a shimmering altar of Xom.
   561 | D        | Noticed a spatial vortex
   562 | D        | Found a hazy altar of Hepliaklqana.
   562 | D        | Found an opulent altar of Gozag.
   562 | D        | Found a sparkling altar of Nemelex Xobeh.
   562 | D        | Found a corrupted altar of Lugonu.
   562 | D        | Found a viscous altar of Jiyva.
   574 | D        | Killed a spatial vortex
   574 | D        | Reached XP level 7. HP: 44/44 MP: 5/18
   651 | D        | Became a worshipper of Cheibriados the Contemplative
   669 | D        | Found a radiant altar of Vehumet.
   670 | D        | Found a shimmering blue altar of Sif Muna.
   670 | D        | Found an ancient bone altar of Kikubaaqudgha.
   672 | D        | Reached * piety under Cheibriados
   698 | D        | Learned a level 2 spell: Blink
   705 | D        | Found a glowing silver altar of Zin.
   706 | D        | Found a glowing golden altar of the Shining One.
   706 | D        | Found a white marble altar of Elyvilon.
   706 | D        | Noticed a deep elf mage
   710 | D        | Killed a deep elf mage
   710 | D        | Reached XP level 8. HP: 24/51 MP: 14/20
   873 | D        | Found a basalt altar of Yredelemnul.
   873 | D        | Found a shadowy altar of Dithmenos.
   873 | D        | Found a sacrificial altar of Ru.
   875 | D        | Reached ** piety under Cheibriados
   914 | D        | Found a hide-covered altar of Uskayaw.
   914 | D        | Found a roughly hewn altar of Beogh.
   914 | D        | Found an iron altar of Okawaru.
   914 | D        | Found a bloodstained altar of Trog.
   914 | D        | Found an ornate altar of the Wu Jian Council.
   923 | D        | Reached *** piety under Cheibriados
  1263 | D        | Noticed a two-headed ogre
  1270 | D        | Killed a two-headed ogre
  1270 | D        | Reached **** piety under Cheibriados
  1270 | D        | Reached skill level 5 in Invocations
  1270 | D        | Reached XP level 9. HP: 24/57 MP: 14/22
  1445 | D        | Noticed Erolcha
  1452 | D        | Killed Erolcha
  1452 | D        | Reached skill level 10 in Armour
  1452 | D        | Reached skill level 10 in Dodging
  1452 | D        | Reached skill level 5 in Translocations
  1453 | D        | Noticed a two-headed ogre
  1457 | D        | Mangled by a two-headed ogre

Illustrated notes

Levels and vault maps discovered:
D:        dungeon_sprint_mu [sprint_mu_entry_cave, sprint_mu_temple_rooms,
          sprint_mu_d1_spiders, sprint_mu_d2_genie, sprint_mu_d3_branching,
          sprint_mu_orc_legion, sprint_mu_elf_gauntlet, sprint_mu_hive_nellie,
          sprint_mu_lair_fedhas, sprint_mu_vaults_butterflies,
          sprint_mu_slime_circle, sprint_mu_shoals_kraken,
          sprint_mu_snake_twists, sprint_mu_blade_basic,
          sprint_mu_crypt_chambers, sprint_mu_tomb_spiral,
          sprint_mu_vestibule_basic, sprint_mu_gehenna_hellfire,
          sprint_mu_dis_giant, sprint_mu_tartarus_statrot,
          sprint_mu_cocytus_islands, sprint_mu_zot1]

Skill      XL: |  1  2  3  4  5  6  7  8  9 |
---------------+----------------------------+-----
Conjurations   | 7 9 10 | 10.2
Spellcasting   | 5 6 7 8 9 |  9.2
Armour         | 2 4 6 7 8 9 10 | 10.2
Dodging        | 3 4 6 7 8 9 10 | 10.2
Fighting       | 3 4 6 7 8 |  8.1
Translocations | 2 4 5 |  5.1
Invocations    | 3 5 |  5.9
Stealth        | |  2.0

Action                   |  1- 3 |  4- 6 |  7- 9 || total
-------------------------+-------+-------+-------++-------
 Cast: Magic Dart        |    10 |    11 |     1 ||    22
       Searing Ray       |     3 |     4 |    14 ||    21
Armor: Robe              |       |       |     1 ||     1
Dodge: Dodged            |     2 |     3 |    22 ||    27

Table legend: (Time is in decaauts)
 A = Elapsed time spent in this place.
 B = Non-inter-level travel time spent in this place.
 C = Inter-level travel time spent in this place.
 D = Time resting spent in this place.
 E = Time spent auto-exploring this place.
 F = Levels seen in this place.
 G = Mean time per level.
                   A        B        C        D        E       F      G
               +--------+--------+--------+--------+--------+-----+--------+
         Total |   1497 |   1477 |     20 |   1166 |     39 |   1 | 1497.0 |
       Dungeon |   1497 |   1477 |     20 |   1166 |     39 |   1 | 1497.0 |
               +--------+--------+--------+--------+--------+-----+--------+

Top non-repeatable levels by time:
       D: 1497 daAuts
